 Dungeon Crawl Stone Soup version 0.28-a0-536-g4f1c8046e5 (webtiles) character file.

Game seed: 17943637240356902360

103 IndexError the Skirmisher (level 5, -5/41 HPs)
             Began as a Djinni Cinder Acolyte on Sept 27, 2021.
             Was an Elder of Ignis.
             Slain by a hornet zombie (13 damage)
             ... on level 6 of the Dungeon.
             The game lasted 00:03:12 (3105 turns).

IndexError the Skirmisher (Djinni Cinder Acolyte)   Turns: 3105, Time: 00:03:13

Health: -5/41      AC:  2    Str: 13    XL:     5   Next: 6%
Gold:   163        EV: 11    Int: 16    God:    Ignis [****..] SH:  0 Dex:  9

rFire   + + +      SeeInvis .   a - -1 falchion (flame)
rCold   . . .      Faith    .   (no shield)
rNeg    . . .      Spirit   .   b - +0 robe
rPois   ∞          Reflect  .   (no helmet)
rElec   .          Harm     .   (no cloak)
rCorr   .          Rampage  .   (no gloves)
Will    .....                   (boots unavailable)
Stlth   +.........              (no amulet)
HPRegen 0.13/turn               m - ring of protection from cold {rC+, !d}
MPRegen 0.00/turn               (no ring)

@: flying
A: sickness immunity, fire resistance 2, cold vulnerability 1, float, innate
caster, hp casting, extra vitality 1
a: Renounce Religion, Sea of Fire, Foxfire Swarm, Rising Flame


You were on level 6 of the Dungeon.
You worshipped Ignis.
Ignis was greatly pleased with you.
You visited 1 branch of the dungeon, and saw 6 of its levels.

You collected 163 gold pieces.

Inventory:

Hand Weapons
 a - a -1 falchion of flaming (weapon)
Armour
 b - a +0 robe (worn)
Jewellery
 j - a ring of fire {rF+, rC-}
   (You found it on level 3 of the Dungeon)
 m - a ring of protection from cold (left hand) {rC+, !d}
   (You found it on level 3 of the Dungeon)
Scrolls
 c - 3 scrolls of identify {unknown}
 e - 3 scrolls of noise {unknown}
 h - a scroll of fear {unknown}
 k - 4 scrolls of teleportation {unknown}
Potions
 d - 2 potions of haste {unknown}
 f - a potion of curing {unknown}
 g - a potion of heal wounds {unknown}
 i - 2 potions of mutation {unknown}
 l - a potion of lignification {unknown}


   Skills:
 + Level 4.3 Fighting
 - Level 2.6 Long Blades
 + Level 3.4 Spellcasting


You had 5 spell levels left.
You knew the following spells:

 Your Spells              Type           Power      Damage    Failure   Level
a - Scorch                Fire           26%        2d6       7%          2
b - Blink                 Tloc           N/A        N/A       7%          2
A - Animate Skeleton      Necr           26%        N/A       4%          1
Your spell library was empty.

Dungeon Overview and Level Annotations

Branches:
Dungeon (4/15)
 Temple: D:4-7

Altars:
Hepliaklqana
Zin

Shops:
D:2 ?


Innate Abilities, Weirdness & Mutations

You are immune to sickness and miasma.
You are immune to poison.
Your flesh is very heat resistant. (rF++)
You are vulnerable to cold. (rC-)
You float through the air rather than walking.
You learn spells naturally, not from books.
Your magical power is your life essence.
You have superior vitality. (+4 HP)


Message History

You reach down and open the door.
Found a glowing silver altar of Zin.
Health restored: 37
l - an inky potion
m - a ring of protection from cold {rC+, !d}
m - a ring of protection from cold (left hand) {rC+, !d}
Okay, then.
You see here a +0 leather armour.
There is a stone staircase leading up here.
Things that are here:
a +0 short sword; 3 stones Done exploring.
Done exploring.
Done exploring.
Done exploring.
Done exploring.
Done exploring.
There is a stone staircase leading down here.
You fly downwards.
There is a stone staircase leading up here.
You fly upwards.
There is a stone staircase leading down here.
There is a stone staircase leading up here.
There is a stone staircase leading down here.
You fly downwards.
There is a stone staircase leading up here.
You fly upwards.
There is a stone staircase leading down here.
There is a stone staircase leading down here.
You fly downwards.
Found a stone staircase leading down.
There is a stone staircase leading up here.
k - 4 scrolls labelled GOZEXO ACOSE (gained 3)
You now have 163 gold pieces (gained 11).
You are sucked into a shaft and drop 3 floors!
The shaft crumbles and collapses. 2 orc wizards come into view.
Flames leap up around you!
The foxfire hits the orc wizard.
The foxfire hits the orc wizard. x3
The foxfire hits the orc wizard but does no damage.
The foxfire hits the orc wizard. x3
Your Fighting skill increases to level 4!
The foxfire hits the orc wizard. x2
An orc comes into view. It is wielding a +0 war axe.
You hit the orc wizard. You burn the orc wizard.
The orc shouts!
You hear a shout!
The orc wizard hits you with a +0 dagger.
An orc warrior comes into view. It is wielding a +0 short sword.
The orc wizard hits you with a +0 dagger.
You take 4 damage, and have 33/37 hp.
You hit the orc wizard. You burn the orc wizard.
You have reached level 5!
The power to cast Blink wells up from within.
Spell assigned to 'b'.
You regained 4 hp, and now have 37/41 hp.
Items here: )) [[ †.
You begin to rise into the air.
With a burst of heat and light, you rocket upward!
A hornet zombie comes into view.
There is a shaft here.
Casting: Scorch (safe; 7% risk of failure)
Confirm with . or Enter, or press ? or * to list all spells.
Flames lash the hornet zombie.
The hornet zombie's fire resistance burns away.
You take 2 damage, and have 36/41 hp.
Casting: Scorch (safe; 7% risk of failure)
Confirm with . or Enter, or press ? or * to list all spells.
Flames lash the hornet zombie.
The hornet zombie is burned terribly!
The hornet zombie completely misses you.
You take 2 damage, and have 34/41 hp.
Casting: Scorch (safe; 7% risk of failure)
Confirm with . or Enter, or press ? or * to list all spells.
Flames lash the hornet zombie.
The hornet zombie is burned terribly!
The hornet zombie misses you.
You take 1 damage, and have 33/41 hp.
Casting: Scorch (safe; 7% risk of failure)
Confirm with . or Enter, or press ? or * to list all spells.
Flames lash the hornet zombie.
The hornet zombie is burned terribly!
The hornet zombie is no longer more vulnerable to fire.
The hornet zombie closely misses you.
The hornet zombie hits you but does no damage.
You take 2 damage, and have 31/41 hp.
You hit the hornet zombie. You burn the hornet zombie.
The hornet zombie hits you!
You take 11 damage, and have 20/41 hp.
MASSIVE DAMAGE!!
You hit the hornet zombie but do no damage.
The hornet zombie hits you!
* * * LOW HITPOINT WARNING * * *
The hornet zombie hits you.
* * * LOW HITPOINT WARNING * * *
You take 10 damage, and have 10/41 hp.
MASSIVE DAMAGE!!
You hit the hornet zombie. You burn the hornet zombie.
The hornet zombie barely misses you.
Casting: Scorch (safe; 7% risk of failure)
Confirm with . or Enter, or press ? or * to list all spells.
Flames lash the hornet zombie.
The hornet zombie's fire resistance burns away.
* * * LOW HITPOINT WARNING * * *
The hornet zombie hits you!
You die...

.# . . . .. #.
#
#..#.######.#.#
#.............#
.......^##..#
#.....Z@....#
....######.##
#.# # #


You could see a hornet zombie (combustible).

Vanquished Creatures
  2 orc wizards (D:7)
  An adder (D:2)
  A worm (D:2)
  4 ball pythons
  2 endoplasms
  2 giant cockroaches
  2 hobgoblins (D:1)
  3 jackals (D:3)
  5 bats
  2 frilled lizards (D:1)
  7 goblins
  7 kobolds
  A rat (D:1)
39 creatures vanquished.

Vanquished Creatures (others)
  8 foxfires (D:7)
8 creatures vanquished.

Grand Total: 47 creatures vanquished

Notes
Turn   | Place    | Note
-------+----------+-------------------------------------------
     0 | D:1      | IndexError the Djinni Cinder Acolyte began the quest for
                  | the Orb.
     0 | D:1      | Reached XP level 1. HP: 20/20 MP: 0/0
   253 | D:1      | Reached XP level 2. HP: 16/25 MP: 0/0
   440 | D:1      | Found a hazy altar of Hepliaklqana.
  1115 | D:1      | Reached XP level 3. HP: 30/30 MP: 0/0
  1115 | D:1      | Learned a level 1 spell: Animate Skeleton
  1297 | D:2      | Found Guevenuv's Magic Scroll Shop.
  1386 | D:2      | Found a faded altar of an unknown god.
  1936 | D:2      | Reached skill level 3 in Spellcasting
  2393 | D:3      | Reached XP level 4. HP: 30/37 MP: 0/0
  2780 | D:3      | Found a glowing silver altar of Zin.
  3083 | D:4      | You are sucked into a shaft and drop 3 floors!
  3086 | D:7      | Reached skill level 4 in Fighting
  3088 | D:7      | Noticed an orc warrior
  3090 | D:7      | Reached XP level 5. HP: 37/41 MP: 0/0
  3090 | D:7      | Learned a level 2 spell: Blink
  3103 | D:6      | HP: 10/41 [hornet zombie (1)]
  3105 | D:6      | Slain by a hornet zombie

Illustrated notes

Levels and vault maps discovered:
D:1:      scummos_arrival_gate, layout_rooms, serial_forest,
          infiniplex_forest_pool, infiniplex_forest_end_double,
          infiniplex_forest_lined_3, infiniplex_forest_end_1,
          infiniplex_forest_clump_C, kennysheep_flooded_box
D:2:      layout_basic, ebering_ecumenical_altar_ruins, serial_shops,
          shop_scrolls, grunt_decor_cap
D:3:      cheibrodos_helix_gallery, layout_basic, zin_statuary
D:4:      layout_basic, nicolae_qazlal_style_of_elements
D:6:      layout_loops_corners, gammafunk_temple_overflow_pools, temple_hall,
          ebering_ghost_disaster_area, eino_curves_03, uniq_pikel
D:7:      layout_layer_cave, kennysheep_mini_moat, biasface_ghost_orc_armoury,
          nicolae_shop_self_help

Skill      XL: |  1  2  3  4 |
---------------+-------------+-----
Spellcasting   | 3 |  3.4
Fighting       | 4 |  4.3
Long Blades    | |  2.6

Action                   |  1- 3 |  4- 6 || total
-------------------------+-------+-------++-------
Melee: Falchion          |   100 |    19 ||   119
 Cast: Scorch            |     2 |     5 ||     7
Invok: Foxfire Swarm     |       |     1 ||     1
       Rising Flame      |       |     1 ||     1
Armor: Robe              |    27 |     4 ||    31
Dodge: Dodged            |    76 |    16 ||    92

Table legend: (Time is in decaauts)
 A = Elapsed time spent in this place.
 B = Non-inter-level travel time spent in this place.
 C = Inter-level travel time spent in this place.
 D = Time resting spent in this place.
 E = Time spent auto-exploring this place.
 F = Levels seen in this place.
 G = Mean time per level.
                   A        B        C        D        E       F      G
               +--------+--------+--------+--------+--------+-----+--------+
         Total |   3128 |   2873 |    255 |      0 |   2532 |   6 |  521.3 |
       Dungeon |   3128 |   2873 |    255 |      0 |   2532 |   6 |  521.3 |
               +--------+--------+--------+--------+--------+-----+--------+

Top non-repeatable levels by time:
     D:1: 1254 daAuts
     D:2: 1133 daAuts
     D:3: 700 daAuts
     D:4: 17 daAuts
     D:6: 11 daAuts
     D:7: 11 daAuts

Table legend:
 A = Kills in this place as a percentage of kills in entire the game.
 B = Kills by you in this place as a percentage of kills by you in the entire game.
 C = Kills by friends in this place as a percentage of kills by friends in the entire game.
 D = Other kills in this place as a percentage of other kills in the entire game.
 E = Experience gained in this place as a percentage of experience gained in the entire game.
 F = Experience gained in this place divided by the number of levels of this place that you have seen.
                   A       B       C       D       E      F
               +-------+-------+-------+-------+-------+----------------------
         Total | 100.0 | 100.0 |   N/A |   N/A | 100.0 |  24.7
       Dungeon | 100.0 | 100.0 |   N/A |   N/A | 100.0 |  24.7
               +-------+-------+-------+-------+-------+----------------------
